 Dungeon Crawl Stone Soup version 0.28-a0-1032-ga8db75c868 (webtiles) character file.

Game seed: 14105246533872915072

0 MordorOrchid the Covert (level 1, -9/23 HPs)
             Began as a Gnoll Delver on Dec 7, 2021.
             Mangled by a black bear (12 damage)
             ... on level 4 of the Dungeon.
             The game lasted 00:01:25 (124 turns).

MordorOrchid the Covert (Gnoll Delver)               Turns: 124, Time: 00:01:25

Health: -9/23      AC:  3    Str: 11    XL:     1   Next: 10%
Magic:  1/1        EV: 13    Int:  9    God:
Gold:   0          SH:  0    Dex: 13    Spells: 0/0 levels left

rFire   . . .      SeeInvis .   a - +0 falchion
rCold   . . .      Faith    .   (no shield)
rNeg    . . .      Spirit   .   b - +0 leather armour
rPois   .          Reflect  .   (no helmet)
rElec   .          Harm     .   (no cloak)
rCorr   .          Rampage  .   (no gloves)
Will    .....                   (no boots)
Stlth   ++++......              (no amulet)
HPRegen 0.07/turn               (no ring)
MPRegen 0.07/turn               (no ring)

@: no status effects
A: fangs 1, strong nose, distributed training
a: no special abilities


You were on level 4 of the Dungeon.
You visited 1 branch of the dungeon, and saw 2 of its levels.

Inventory:

Hand Weapons
 a - a +0 falchion (weapon)
Missiles
 h - 12 poisoned darts (quivered)
 i - 22 stones
Armour
 b - a +0 leather armour (worn)
Wands
 g - a wand of digging (3)
Scrolls
 c - a scroll of fog
 d - a scroll of magic mapping
 e - a scroll of fear
Potions
 f - a potion of haste


   Skills:
 + Level 6.4 Fighting
 + Level 0.0 Short Blades
 + Level 4.4 Long Blades
 + Level 0.0 Axes
 + Level 0.0 Maces & Flails
 + Level 0.0 Polearms
 + Level 0.0 Staves
 + Level 0.0 Slings
 + Level 0.0 Bows
 + Level 0.0 Crossbows
 + Level 0.0 Throwing
 + Level 0.0 Armour
 + Level 4.4 Dodging
 + Level 9.5 Stealth
 + Level 0.0 Shields
 + Level 0.0 Unarmed Combat
 + Level 0.0 Spellcasting
 + Level 0.0 Conjurations
 + Level 0.0 Hexes
 + Level 0.0 Summonings
 + Level 0.0 Necromancy
 + Level 0.0 Translocations
 + Level 0.0 Transmutations
 + Level 0.0 Fire Magic
 + Level 0.0 Ice Magic
 + Level 0.0 Air Magic
 + Level 0.0 Earth Magic
 + Level 0.0 Poison Magic
 + Level 0.0 Invocations
 + Level 0.0 Evocations


You couldn't memorise any spells.
You didn't know any spells.
Your spell library was empty.

Dungeon Overview and Level Annotations

Branches:
Dungeon (5/15)
 Temple: D:4-7

Altars:


Innate Abilities, Weirdness & Mutations

You have very sharp teeth.
Your uncanny sense of smell can sniff out nearby items.
Your experience applies equally to all skills.


Message History

The black bear claws you.
The black bear looks more healthy.
Throw: 14 darts (poison)
Press: ? - help, Q - select action, (/) - cycle Shift-Dir - straight line, f - goblin, p - black bear
Aim: a goblin, wielding a +0 club (53% to hit)
You throw a poisoned dart. The poisoned dart hits the black bear.
The black bear is poisoned.
The black bear is heavily wounded.
The black bear misses you.
The black bear claws you but does no damage.
The black bear closely misses you.
You see here a poisoned dart.
Throw: 13 darts (poison)
Press: ? - help, Q - select action, (/) - cycle Shift-Dir - straight line, f - hobgoblin
Aim: a hobgoblin (60% to hit)
You throw a poisoned dart. The poisoned dart hits the black bear.
The black bear looks even sicker.
The black bear is severely wounded.
The black bear goes berserk!
The black bear barely misses you. x3
The black bear completely misses you. The black bear misses you.
The black bear closely misses you.
The black bear rages.
The black bear bites you. The black bear barely misses you.
The black bear claws you.
The black bear rages.
The black bear closely misses you. x2; The black bear barely misses you.
The black bear looks more healthy.
The black bear closely misses you. The black bear claws you.
The black bear closely misses you.
The black bear rages.
The black bear bites you!
* * * LOW HITPOINT WARNING * * *
The black bear claws you.
* * * LOW HITPOINT WARNING * * *
The black bear claws you.
* * * LOW HITPOINT WARNING * * *
The black bear bites you!
Ouch! That really hurt!
You die...

######### ###.
#((g....##.....
#.#####....#
#.#####.####
#.##....#
#(.(.##g#
#....##@#
#.....h.#
###.##### #.#
#.# #.# #.#
##.##
#...#######.


You could see a black bear (berserk) and a goblin.

Vanquished Creatures
  A kobold (D:4)
1 creature vanquished.

Notes
Turn   | Place    | Note
-------+----------+-------------------------------------------
     0 | D:5      | Reached skill level 9 in Stealth
     0 | D:5      | MordorOrchid the Gnoll Delver began the quest for the Orb.
     0 | D:5      | Reached XP level 1. HP: 23/23 MP: 1/1
    24 | D:4      | Noticed a black bear
   124 | D:4      | Mangled by a black bear

Illustrated notes

Levels and vault maps discovered:
D:4:      layout_loops_cross, mainiacjoe_overflow_alcove_4, serial_glass,
          glass_columns_c, glass_columns_c, due_unseen_surprise, feat_on_display
D:5:      layout_loops_ring, bloody_makhleb

Skill      XL: | |
---------------+-+-----
Stealth        | |  9.5
Fighting       | |  6.4
Long Blades    | |  4.4
Dodging        | |  4.4

Action                   || total
-------------------------++-------
Melee: Falchion          ||     4
Throw: Dart              ||     7
 Stab: Sleeping          ||     1
Armor: Leather armour    ||     2
Dodge: Dodged            ||    22

Table legend: (Time is in decaauts)
 A = Elapsed time spent in this place.
 B = Non-inter-level travel time spent in this place.
 C = Inter-level travel time spent in this place.
 D = Time resting spent in this place.
 E = Time spent auto-exploring this place.
 F = Levels seen in this place.
 G = Mean time per level.
                   A        B        C        D        E       F      G
               +--------+--------+--------+--------+--------+-----+--------+
         Total |    124 |    124 |      0 |      0 |      0 |   2 |   62.0 |
       Dungeon |    124 |    124 |      0 |      0 |      0 |   2 |   62.0 |
               +--------+--------+--------+--------+--------+-----+--------+

Top non-repeatable levels by time:
     D:4: 105 daAuts
     D:5: 19 daAuts
